 Dungeon Crawl Stone Soup version 0.30-b1-7-gcb88a99046 (webtiles) character file.

Game seed: 18052470469933773275

256 RascalDebosk the Magician (level 6, -1/45 HPs)
             Began as a Djinni Enchanter on May 5, 2023.
             Was a Believer of Ru.
             Slain by a killer bee (8 damage)
             ... on level 5 of the Dungeon.
             The game lasted 00:25:53 (3266 turns).

RascalDebosk the Magician (Djinni Enchanter)        Turns: 3266, Time: 00:25:54

Health: -1/45      AC:  6    Str:  7    XL:     6   Next: 39%
Gold:   32         EV: 10    Int: 19    God:    Ru [**....] SH:  0 Dex: 13

rFire   + + .        s - +2 dagger
rCold   x . .        (no shield)
rNeg    . . .        v - +0 leather armour
rPois   ∞            (no helmet)
rElec   .            B - +1 cloak
rCorr   .            u - +0 pair of gloves
SInv    .            (boots unavailable)
Will    .....        (no amulet)
Stlth   ++           (no ring)
HPRegen 0.27/turn    (no ring)
MPRegen 0.00/turn

%: infuse magic (-2 HP)
@: flying
A: sickness immunity, fire resistance 2, cold vulnerability 1, inability to
train dodging, unskilled 1, float, innate caster, HP casting, extra vitality 1
a: Renounce Religion


You were on level 5 of the Dungeon.
You worshipped Ru.
Ru was pleased with you.
You visited 2 branches of the dungeon, and saw 6 of its levels.

You collected 158 gold pieces.
You spent 126 gold pieces at shops.

Inventory:

Hand Weapons
 h - a +1 spear of venom
 s - a +2 dagger (weapon)
Armour
 b - a +0 robe
 o - a +0 scale mail
 u - a +0 pair of gloves (worn)
 v - a +0 leather armour (worn)
 B - a +1 cloak (worn)
Jewellery
 y - a ring of fire
Wands
 x - a wand of polymorph (6)
Scrolls
 a - a scroll of vulnerability
 d - a scroll of teleportation {unknown}
 e - a scroll of noise {unknown}
 g - a scroll of blinking
 i - a scroll of torment {unknown}
 j - 2 scrolls of fog {unknown}
 k - a scroll of magic mapping
 m - a scroll of poison {unknown}
 p - a scroll of immolation {unknown}
 r - 2 scrolls of fear {unknown}
 w - a scroll of enchant weapon
Potions
 c - 2 potions of invisibility
 f - 2 potions of curing
 l - 2 potions of heal wounds
 n - 4 potions of might
 q - 3 potions of mutation
 t - a potion of brilliance
 z - 3 potions of magic
 A - 2 potions of resistance


   Skills:
 * Level 2.8 Fighting
 - Level 0.8 Short Blades
 + Level 1.9 Armour
 + Level 3.0 Stealth
 * Level 3.2 Spellcasting


You knew the following spells:

 Your Spells              Type           Power      Damage    Failure   Level
a - Ensorcelled Hibernat  Hex/Ice        30%        N/A       9%          2
b - Confusing Touch       Hex            15%        N/A       17%         3
c - Tukima's Dance        Hex            15%        N/A       17%         3
d - Dazzling Flash        Conj/Hex       30%        N/A       17%         3
e - Shock                 Conj/Air       60%        1d6       6%          1
f - Searing Ray           Conj           30%        2d5       9%          2
Your spell library was empty.

Dungeon Overview and Level Annotations

Branches:
Dungeon (5/15)             Temple (1/1) D:4

Altars:
Hepliaklqana
Okawaru
Qazlal
Ru
Uskayaw
Wu Jian
Xom
Yredelemnul
Zin
The Shining One

Shops:
D:1 *

Annotations:
D:4 3 runed translucent doors, apoch's ghost, amateur AtFi; sargonster's ghost, amateur HOBe


Innate Abilities, Weirdness & Mutations

You are immune to sickness and miasma.
You are immune to poison.
Your flesh is very heat resistant. (rF++)
You are vulnerable to cold. (rC-)
You cannot train Dodging skill.
You are somewhat unskilled. (-1 Apt)
You float through the air rather than walking.
You learn spells naturally, not from books.
Your magical power is your life essence.
You have superior vitality. (+4 MHP)


Message History

Aim: an adder (chance to affect: 56%)
The adder resists with significant effort.
You hit the adder.
The adder is lightly wounded.
The adder is stunned by your conviction and fails to attack.
The adder barely misses you.
Casting: Ensorcelled Hibernation (safe; 10% risk of failure)
Confirm with . or Enter, or press ? or * to list all spells.
Aiming: Ensorcelled Hibernation (safe; 10% risk of failure)
Press: ? - help, Shift-Dir - straight line, f/p - adder
Aim: an adder (lightly wounded, chance to affect: 56%)
The adder resists with significant effort.
The adder closely misses you.
You closely miss the adder.
The adder is lightly wounded.
The adder bites you but does no damage.
You barely miss the adder.
The adder is lightly wounded.
The adder bites you but does no damage.
You barely miss the adder.
The adder is lightly wounded.
The adder bites you. The adder closely misses you.
You hit the adder.
The adder is heavily wounded.
The adder barely misses you.
You hit the adder.
The adder is severely wounded.
The adder bites you.
You hit the adder but do no damage.
The adder is severely wounded.
The adder bites you. The adder bites you but does no damage.
You barely miss the adder.
The adder is severely wounded.
The adder barely misses you.
You barely miss the adder.
The adder is severely wounded.
The adder bites you.
You hit the adder.
You kill the adder!
There is an escape hatch in the floor here.
You see here an adder corpse.
You hear the slow rusting of a distant drain.
HP restored.
You reach down and open the door.
Found a hide-covered altar of Uskayaw.
There is an open door here.
Found Maxwell's Memoranda.
There is an open door here.
You reach down and open the door. 2 killer bees come into view. 2 killer bees come into view.
There is an open door here.
The helpless killer bee fails to defend itself.
You puncture the killer bee!
You kill the killer bee!
The killer bee buzzes angrily. x2
The killer bee barely misses you.
Your Stealth skill increases to level 3!
You miss the killer bee. The killer bee stings you.
You redirect the killer bee's attack!
The killer bee misses the killer bee.
The killer bee stings you. x2
Casting: Ensorcelled Hibernation (safe; 9% risk of failure)
Confirm with . or Enter, or press ? or * to list all spells.
Aiming: Searing Ray (safe; 9% risk of failure)
Press: ? - help, Shift-Dir - straight line, f - killer bee
Aim: a killer bee (not watching you, 51% to hit)
Okay, then.
The killer bee barely misses you.
Casting: Searing Ray (safe; 9% risk of failure)
Confirm with . or Enter, or press ? or * to list all spells.
Aiming: Searing Ray (safe; 9% risk of failure)
Press: ? - help, Shift-Dir - straight line, f - killer bee
Aim: a killer bee (51% to hit)
The searing ray hits the killer bee.
The killer bee is moderately wounded.
The searing ray hits the killer bee!
The killer bee is severely wounded. (Press . to maintain the ray.)
The killer bee stings you. The killer bee barely misses you.
The searing ray misses the killer bee. x2; The killer bee stings you. x3
The killer bee barely misses you.
The killer bee attacks as you move away!
The killer bee stings you. x2
* * * LOW HITPOINT WARNING * * *
The killer bee stings you but does no damage. x2
The killer bee stings you!
* * * LOW HITPOINT WARNING * * *
The killer bee attacks as you move away!
The killer bee misses you.
The killer bee attacks as you move away!
The killer bee stings you.
* * * LOW HITPOINT WARNING * * *
The killer bee barely misses you. The killer bee stings you.
* * * LOW HITPOINT WARNING * * *
The killer bee completely misses you.
The killer bee attacks as you move away!
The killer bee stings you.
* * * LOW HITPOINT WARNING * * *
The killer bee stings you!
You die...

.#.# ####.##.##.#
#..#.##.......##.# ..
#.#.##.#####.# ######.##
##.>##.#####.#
#...†...###............#
###'####..#.##########
#.....#.#.#.#
#...yy#.#.#.#
+.._y.@.....#
#.....#...###
#.....#.### ###+###.#
#..:..# #######


You could see 3 killer bees.

Vanquished Creatures
  2 scorpions (D:4)
  A killer bee (D:5)
  4 adders
  3 worms
  A dart slug (D:4)
  2 orcs (D:4)
  9 bats
  4 endoplasms
  5 giant cockroaches
  4 goblins
  3 hobgoblins
  2 jackals (D:2)
  2 quokkas
  5 ball pythons
  3 frilled lizards
  A kobold (D:2)
  3 rats
54 creatures vanquished.

Vanquished Creatures (others)
  13 fungi (D:4)
13 creatures vanquished.

Grand Total: 67 creatures vanquished

Notes
Turn   | Place    | Note
-------+----------+-------------------------------------------
     0 | D:1      | RascalDebosk the Djinni Enchanter began the quest for the
                  | Orb.
     0 | D:1      | RascalDebosk set off with the following spells memorised:
                  | Ensorcelled Hibernation, Confusing Touch, Tukima's Dance,
                  | Dazzling Flash.
     0 | D:1      | Reached XP level 1. HP: 15/15 MP: 0/0
    78 | D:1      | Found a faded altar of an unknown god.
   101 | D:1      | Prayed at the altar of an unknown god.
   101 | D:1      | Became a worshipper of Ru the Awakened
   107 | D:1      | Gained mutation: You are somewhat unskilled. (-1 Apt) [Ru
                  | sacrifice]
   107 | D:1      | Reached * piety under Ru
   200 | D:1      | Reached XP level 2. HP: 18/22 MP: 0/0
   356 | D:1      | Found Ruom's General Store.
   721 | D:2      | Reached skill level 1 in Fighting
   721 | D:2      | Reached XP level 3. HP: 27/27 MP: 0/0
   721 | D:2      | Learned a level 1 spell: Shock
  1273 | D:2      | Reached skill level 1 in Armour
  1654 | D:3      | Reached XP level 4. HP: 21/32 MP: 0/0
  2084 | D:4      | Gained mutation: You cannot train Dodging skill. [Ru
                  | sacrifice]
  2084 | D:4      | Reached ** piety under Ru
  2089 | D:4      | Noticed a scorpion
  2103 | D:4      | Killed a scorpion
  2104 | D:4      | Reached XP level 5. HP: 25/38 MP: 0/0
  2104 | D:4      | Learned a level 2 spell: Searing Ray
  2172 | D:4      | Found a staircase to the Ecumenical Temple.
  2182 | Temple   | Entered the Ecumenical Temple
  2309 | D:4      | Found an ornate altar of the Wu Jian Council.
  2401 | D:4      | Found a glowing golden altar of the Shining One.
  2595 | D:1      | Bought a +1 cloak for 126 gold pieces
  2752 | D:4      | Reached XP level 6. HP: 29/45 MP: 0/0
  3062 | D:4      | Found a runed translucent gate.
  3063 | D:4      | Found a runed translucent gate.
  3063 | D:4      | Found a runed translucent gate.
  3064 | D:4      | Noticed sargonster's ghost (amateur HOBe)
  3064 | D:4      | Noticed apoch's ghost (amateur AtFi)
  3180 | D:5      | Entered Level 5 of the Dungeon
  3246 | D:5      | Found a hide-covered altar of Uskayaw.
  3266 | D:5      | Slain by a killer bee

Illustrated notes

Levels and vault maps discovered:
D:1:      heliophobic_arrival_henge, layout_loops_cross,
          ebering_ecumenical_altar_webs, serial_shops, shop,
          minmay_split_cup_small
D:2:      layout_basic, minmay_indecisive_spiral
D:3:      layout_rooms
D:4:      layout_loops_cross, lemuel_tele_altar, mainiacjoe_overflow_chevrons,
          minmay_temple_entry_grid, gammafunk_ghost_cemetery
D:5:      layout_loops_ring, kennysheep_little_box, gammafunk_ghost_cemetery,
          cheibrodos_sewer_entry_drain, chequers_serial_rivers_marsh
Temple:   hellmonk_temple_beads

Skill      XL: |  1  2  3  4  5  6 |
---------------+-------------------+-----
Fighting       | 1 2 |  2.8
Armour         | 1 |  1.9
Dodging        | 0 |  0.0
Spellcasting   | 3 |  3.2
Stealth        | 3 |  3.0
Short Blades   | |  0.8

Action                     |  1- 3 |  4- 6 || total
---------------------------+-------+-------++-------
  Melee: Dagger            |    73 |    63 ||   136
         Punch             |     1 |       ||     1
   Cast: Ensorcelled Hiber |    22 |    18 ||    40
         Shock             |    13 |     7 ||    20
         Confusing Touch   |       |     1 ||     1
         Searing Ray       |       |     1 ||     1
 Invoke: Sacrifice Skill   |     1 |       ||     1
         Sacrifice Nimblen |       |     1 ||     1
    Use: Scroll            |       |    11 ||    11
   Stab: Sleeping          |    22 |     9 ||    31
         Distracted        |     1 |       ||     1
 Armour: Robe              |    22 |       ||    22
         Leather armour    |     3 |    14 ||    17
  Dodge: Dodged            |    48 |    28 ||    76
